AoeStats
← NDF

Arabia

507860476Analyzed
2v2 RM · 11d ago on Sep 20, 2026· 50m 0s· 4 players
Game mode
Random Map
Map size
Medium (4 player)
Population
200
Speed
Normal
Resources
Standard
Victory
Conquest
Starting age
Dark Age
Ending age
Imperial Age
RankedLock teamsTeams togetherTeam positionsShared explorationLock speedFull tech treeHidden civsTurbo modeCheats
Victory
Defeat
🇺🇸 Ethiopians · United States
801
+12
🇺🇸 Ethiopians · United States
763
+13
🇦🇷 Teutons · Argentina
705
-12
🇦🇷 Spanish · Argentina
705
-13
NDF
2:57 Loom
12:30 Feudal Age
19:30 Castle Age
17:45 Horse Collar
17:58 Double-Bit Axe
18:24 Fletching
18:35 Padded Archer Armor
19:19 Gold Mining
19:31 Stone Mining
21:05 Forging
20:27 Man-at-Arms
22:01 Crossbowman
31:46 Iron Casting
31:15 Scale Mail Armor
31:21 Scale Barding Armor
31:32 Leather Archer Armor
33:24 Wheelbarrow
32:35 Town Watch
49:56 Imperial Age
47:06 Elite Skirmisher
49:32 Heavy Plow
50:55 Stone Shaft Mining
50:33 Masonry
estebanpa
4:53 Loom
11:52 Feudal Age
12:53 Double-Bit Axe
18:53 Castle Age
16:41 Horse Collar
17:42 Scale Mail Armor
18:42 Forging
20:21 Heavy Plow
20:32 Squires
19:55 Pikeman
21:14 Bow Saw
21:55 Gold Mining
21:59 Stone Mining
35:44 Stone Shaft Mining
43:00 Bloodlines
47:04 Imperial Age
45:12 Wheelbarrow
emuguchin [GME HODLER]
8:45 Loom
10:46 Feudal Age
15:42 Castle Age
14:10 Double-Bit Axe
16:26 Stone Mining
19:34 Squires
19:19 Arson
20:48 Scale Mail Armor
27:35 Chain Mail Armor
27:31 Forging
29:39 Bow Saw
29:59 Town Watch
30:49 Wheelbarrow
30:36 Horse Collar
32:45 Hand Cart
34:18 Iron Casting
38:17 Imperial Age
35:44 Fletching
36:49 Bodkin Arrow
36:55 Padded Archer Armor
37:15 Gold Mining
37:41 Crossbowman
38:26 Arbalester
39:11 Padded Archer Armor
40:32 Chemistry
41:26 Thumb Ring
44:35 Conscription
45:28 Bracer
47:15 Heavy Plow
49:26 Leather Archer Armor
unamingname
3:00 Loom
3:53 Loom
5:08 Loom
11:37 Feudal Age
13:00 Feudal Age
19:25 Double-Bit Axe
24:59 Wheelbarrow
30:40 Castle Age
35:11 Imperial Age
33:40 Hand Cart
34:00 Bow Saw
34:05 Crossbowman
36:02 Thumb Ring
36:54 Arbalester
38:12 Fletching
38:23 Padded Archer Armor
38:26 Horse Collar
39:57 Two-Man Saw
39:21 Heavy Plow
40:17 Bodkin Arrow
40:38 Leather Archer Armor
40:59 Ballistics
41:50 Chemistry
42:22 Bracer
43:06 Ring Archer Armor
Connection lost

Rejoining the realm…

Still unreachable

The connection could not be restored.

Session expired

The server has moved on; the page needs a fresh start.